 Dungeon Crawl Stone Soup version 0.31.0-11-ge490571c62 (webtiles) character file.

Game seed: 18327337872028481477

245 qw the Skirmisher (level 5, 0/29 HPs)
             Began as a Deep Elf Hunter on Feb 3, 2024.
             Incinerated by a bombardier beetle (5 damage)
             ... with a burning spray
             ... on level 4 of the Dungeon.
             The game lasted 00:00:10 (2397 turns).

qw the Skirmisher (Deep Elf Hunter)                 Turns: 2397, Time: 00:00:11

Health: 0/29       AC: 11    Str: 10    XL:     5   Next: 84%
Magic:  7/7        EV:  9    Int: 14    God:
Gold:   219        SH:  0    Dex: 18    Spells: 4/4 levels left

rFire   . . .        a - +1 shortbow
rCold   . . .        (shield currently unavailable)
rNeg    . . .        i - +0 scale mail
rPois   .            (no helmet)
rElec   .            (no cloak)
rCorr   .            c - +0 pair of gloves
SInv    .            (no boots)
Will    .....        (no amulet)
Stlth   +            f - +4 ring of protection
HPRegen 0.24/turn    (no ring)
MPRegen 0.10/turn

%: no passive effects
@: on fire, glowing
A: no striking features
a: no special abilities


You were on level 4 of the Dungeon.
You visited 1 branch of the dungeon, and saw 4 of its levels.

You collected 219 gold pieces.


   Skills:
 + Level 1.5 Fighting
 - Level 9.1 Ranged Weapons
 - Level 1.1 Armour
 - Level 2.4 Dodging
 - Level 1.2 Stealth


You had 4 spell levels left.
You didn't know any spells.
Your spell library was empty.

Inventory:

Hand Weapons
 a - a +1 shortbow (weapon)
Armour
 c - a +0 pair of gloves (worn)
 d - the +0 hat "Rehub" {rF+ rC- Int+3}
   (You acquired it on level 1 of the Dungeon)

   Int+3:     It affects your intelligence (+3).
   rF+:       It protects you from fire.
   rC-:       It makes you vulnerable to cold.
 g - a +2 robe of willpower
 h - a +0 ring mail
 i - a +0 scale mail (worn)
Jewellery
 f - a +4 ring of protection (left hand)
Scrolls
 e - 2 scrolls of identify
Potions
 b - a potion of curing {unknown}
 j - a potion of magic {unknown}
 l - a potion of lignification {unknown}

Dungeon Overview and Level Annotations

Branches:
Dungeon (4/15)
 Temple: D:4-7

Altars:
Trog

Shops:
D:3 (

Annotations:
D:3 1 runed translucent door, Crazy Yiuf


Message History

There is a stone staircase leading down here.
You open the door.
There is an open door here.
Found an escape hatch in the floor.
There is an escape hatch in the floor here.
Found an escape hatch in the ceiling.
e - 2 scrolls of identify (gained 1)
g - a +2 robe of willpower
There is an escape hatch in the ceiling here.
h - a +0 ring mail A bombardier beetle comes into view.
You shoot an arrow. The arrow hits the bombardier beetle.
The bombardier beetle is lightly wounded.
You shoot an arrow.
The arrow hits the bombardier beetle but does no damage.
The bombardier beetle is lightly wounded.
The bombardier beetle sprays incendiary fluid at you.
The burning spray hits you.
You are covered in liquid fire!
You shoot an arrow. The arrow hits the bombardier beetle.
The bombardier beetle is moderately wounded.
The liquid fire burns you!
You shoot an arrow.
The arrow hits the bombardier beetle but does no damage.
The bombardier beetle is moderately wounded.
The liquid fire burns you!
The bombardier beetle sprays incendiary fluid at you.
The burning spray hits you.
You are even more covered in liquid fire!
You shoot an arrow. The arrow hits the bombardier beetle!
You kill the bombardier beetle!
The liquid fire burns you!
Your Armour skill increases to level 1!
You are on fire!
The liquid fire burns you!
You are on fire!
The liquid fire burns you!
You are on fire!
The liquid fire burns you!
You die...

### #.. #.# #+##
#.###########
.....#######......#.....
...%...@..........#.####
.....##...........#..#
#######.......<...#..###
#..............#.....
#.....########....###
#......# ###.## #.######
#.# # #. ##### ..# . #
##... .#.### .


There were no monsters in sight!

Vanquished Creatures
  2 bombardier beetles (D:4)
  A jelly (D:3)
  2 iguanas (D:4)
  3 adders
  3 ribbon worms
  An orc (D:4)
  4 bats
  6 endoplasms
  A giant cockroach (D:1)
  7 goblins
  5 hobgoblins
  3 jackals (D:2)
  4 quokkas
  6 ball pythons
  8 frilled lizards
  3 kobolds
  3 rats
62 creatures vanquished.

Notes
Turn   | Place    | Note
-------+----------+-------------------------------------------
     0 | D:1      | qw the Deep Elf Hunter began the quest for the Orb.
     0 | D:1      | Reached XP level 1. HP: 12/12 MP: 3/3
     0 | D:1      | 0 ||| qw: Version: 0.3-a-157-g843a77d
     0 | D:1      | 0 ||| qw: Game counter: 3911
     0 | D:1      | 0 ||| qw: Melee chars always use a shield: true
     0 | D:1      | 0 ||| qw: God list: Okawaru
     0 | D:1      | 0 ||| qw: Allow faded altars: false
     0 | D:1      | 0 ||| qw: Do Orc after clearing Dungeon:15 true
     0 | D:1      | 0 ||| qw: Do second Lair branch before Depths: true
     0 | D:1      | 0 ||| qw: Lair rune preference: random
     0 | D:1      | 0 ||| qw: Goals: Normal
     0 | D:1      | 0 ||| PLANNING D:1-11
     9 | D:1      | Noticed a bullfrog
   101 | D:1      | Reached XP level 2. HP: 16/16 MP: 4/4
   102 | D:1      | You fall into a shaft and drop 1 floor!
   110 | D:2      | Reached skill level 6 in Ranged Weapons
   212 | D:2      | 212 ||| DROPPING scroll of butterflies.
   354 | D:1      | Reached XP level 3. HP: 20/20 MP: 5/5
   631 | D:1      | 631 ||| UPGRADING to +4 ring of protection.
   632 | D:1      | 632 ||| READING scroll labelled TOEGES JECZURR.
   633 | D:1      | 633 ||| READING scroll labelled TIWKAYVINT.
   634 | D:1      | 634 ||| READING scroll labelled KEBOCU GITHAHYFE.
   634 | D:1      | Identified a scroll of acquirement
   634 | D:1      | 634 ||| ACQUIRING +0 hat "Rehub" {rF+ rC- Int+3}
   634 | D:1      | Acquired the +0 hat "Rehub" {rF+ rC- Int+3}
   636 | D:1      | 636 ||| READING scroll labelled GOKHEA JYXKOTIEJU.
   737 | D:1      | 737 ||| READING scroll labelled VAOFIU NITWEI.
   962 | D:2      | Reached skill level 7 in Ranged Weapons
  1154 | D:2      | HP: 2/20 [ribbon worm (7)]
  1289 | D:2      | Found a bloodstained altar of Trog.
  1388 | D:2      | 1388 ||| UPGRADING to +0 scale mail.
  1398 | D:2      | 1398 ||| DROPPING +0 leather armour.
  1399 | D:2      | 1399 ||| READING scroll labelled TEAGOBR EBLIGOF.
  1402 | D:2      | 1402 ||| READING 3 scrolls labelled XIYDAO OMIEGRU.
  1402 | D:2      | 1402 ||| IDENTIFYING fuming purple potion
  1403 | D:2      | 1403 ||| READING 2 scrolls of identify.
  1403 | D:2      | 1403 ||| IDENTIFYING red potion
  1404 | D:2      | 1404 ||| READING scroll of identify.
  1404 | D:2      | 1404 ||| IDENTIFYING green potion
  1405 | D:2      | 1405 ||| DROPPING potion of berserk rage.
  1406 | D:2      | 1406 ||| DROPPING potion of attraction.
  1462 | D:3      | 1462 ||| STAIRDANCE
  1517 | D:3      | Reached XP level 4. HP: 25/25 MP: 6/6
  1648 | D:3      | Reached skill level 8 in Ranged Weapons
  1737 | D:3      | Found Wukaha's Antique Weapon Shoppe.
  1985 | D:3      | Found a runed translucent door.
  1990 | D:3      | Identified the +5 hammer "Qeokafoz" {flame, rC++}
  2011 | D:3      | Noticed Crazy Yiuf
  2127 | D:3      | 2127 ||| UPGRADING to +0 pair of gloves.
  2132 | D:3      | 2132 ||| READING scroll labelled ORIBED SUIPT.
  2132 | D:3      | 2132 ||| ENCHANTING +0 shortbow.
  2210 | D:4      | Reached XP level 5. HP: 29/29 MP: 7/7
  2264 | D:4      | HP: 2/29 [iguana (9)]
  2265 | D:4      | 2265 ||| DRINKING potion of heal wounds.
  2267 | D:4      | Reached skill level 9 in Ranged Weapons
  2395 | D:4      | Reached skill level 1 in Armour
  2396 | D:4      | HP: 4/29 [burnt (4)]
  2397 | D:4      | Incinerated by a bombardier beetle

Levels and vault maps discovered:
D:1:      evilmike_arrival_come_back, layout_rooms
D:2:      layout_loops_ring, basic_altar, grunt_ministairs_12
D:3:      layout_basic, serial_shops, nicolae_shop_real_fake_doors,
          uniq_crazy_yiuf_cottage
D:4:      layout_basic, minmay_small_thing

Skill      XL: |  1  2  3  4  5 |
---------------+----------------+-----
Ranged Weapons | 6 7 8 9 |  9.1
Armour         | 1 |  1.1
Fighting       | |  1.5
Dodging        | |  2.4
Stealth        | |  1.2

Action                     |  1- 3 |  4- 6 || total
---------------------------+-------+-------++-------
   Fire: Shortbow          |   171 |    61 ||   232
    Use: Scroll            |     9 |     1 ||    10
         Potion            |       |     1 ||     1
 Armour: Leather armour    |    54 |       ||    54
         Scale mail        |    13 |    19 ||    32
  Dodge: Dodged            |    68 |    10 ||    78

Table legend:
 A = Non-vault XP
 B = Vault XP
 C = Vault XP percentage of total XP
 D = Non-vault monster count
 E = Vault monster count
 F = Vault count percentage of total count
                 A         B        C        D         E       F
            +---------+---------+-------+---------+---------+-------
      Total |     347 |       4 |   1.1 |      60 |       2 |   3.2
            +---------+---------+-------+---------+---------+-------
        D:1 |      43 |       0 |   0.0 |      26 |       0 |   0.0
        D:2 |      34 |       4 |  10.5 |      17 |       2 |  10.5
        D:3 |      83 |       0 |   0.0 |      10 |       0 |   0.0
        D:4 |     187 |       0 |   0.0 |       7 |       0 |   0.0
            +---------+---------+-------+---------+---------+-------
